Map: Deathaura LE

Players

Ashiro - Winner!

  • Race: Zerg Zerg
  • League: Master
  • Spawn Location: 5:00

Detour

  • Race: Protoss Protoss
  • League: Master
  • Spawn Location: 11:00

VOD

Have the link to the VOD?

Description

Time

  • Played on: Aug. 23, 2020, 4:57 a.m.
  • Length: 18:34
Show
View Real Time Build Order
Export as new Build Order

Ashiro Zerg - Winner!

Build Orders: Hatch First, Lurkers, Roach Hydra 

Get SALT Encoding   

  12  0:00  Drone  
  13  0:13  Overlord  
  13  0:18  Drone  
  14  0:31  Drone x2  
  16  0:48  Hatchery  
  15  0:51  Drone  
  15  0:55  Drone  
  17  0:59  Drone  
  18  1:09  Extractor  
  17  1:14  Spawning Pool  
  17  1:16  Drone  
  17  1:20  Drone  
  18  1:29  Drone  
  19  1:43  Drone  
  20  1:58  Overlord  
  20  2:02  Queen x2  
  20  2:03  Zergling x4  
  26  2:12  Drone  
  26  2:13  Drone  
  28  2:30  Drone x2  
  30  2:38  Drone  
  30  2:39  Drone  
  30  2:41  Queen  
  34  2:44  Hatchery  
  34  2:48  Lair  
  33  2:54  Drone x2  
  33  2:57  Drone  
  36  2:59  Overlord  
  36  3:13  Roach Warren  
  36  3:14  Overlord  
  35  3:24  Drone x2  
  35  3:25  Drone  
  35  3:27  Drone x3  
  40  3:35  Drone  
  41  3:43  Drone  
  41  3:45  Drone  
  43  3:53  Glial Reconstitution  
  43  3:57  Roach  
  43  3:59  Evolution Chamber  
  43  4:01  Extractor  
  43  4:03  Extractor  
  43  4:06  Queen  
  43  4:08  Drone x3  
  43  4:09  Overlord, Drone x3  
  48  4:18  Spore Crawler  
  45  4:25  Drone x4  
  45  4:26  Drone x3  
  51  4:33  Drone  
  51  4:34  Drone x4  
  56  4:47  Zerg Missile Weapons Level 1  
  56  4:50  Overlord x2  
  56  4:51  Overlord  
  56  4:54  Drone x2  
  56  4:58  Spore Crawler  
  56  5:05  Overlord  
  56  5:11  Roach x5  
  66  5:15  Drone x3  
  69  5:21  Drone x4  
  69  5:22  Drone  
  69  5:27  Drone x2  
  69  5:28  Drone x2  
  78  5:31  Hydralisk Den  
  78  5:32  Drone  
  78  5:34  Overlord  
  78  5:36  Overlord  
  78  5:46  Drone x4  
  82  5:50  Drone x2  
  82  5:51  Extractor  
  82  5:52  Extractor  
  82  5:56  Drone x2  
  84  6:04  Grooved Spines  
  84  6:08  Drone  
  84  6:09  Lurker Den  
  84  6:10  Hatchery  
  84  6:11  Extractor, Drone x3  
  83  6:12  Drone  
  83  6:14  Roach x2  
  85  6:19  Spore Crawler  
  78  6:33  Drone x4  
  78  6:34  Drone x4  
  78  6:36  Drone x3  
  78  6:39  Roach x3  
  95  6:46  Overseer  
  95  6:50  Hydralisk x4  
  95  6:53  Overlord  
  103  7:03  Overlord x2  
  103  7:04  Overlord x2  
  103  7:08  Zerg Missile Weapons Level 2  
  103  7:09  Infestation Pit  
  102  7:16  Muscular Augments  
  102  7:26  Spore Crawler  
  102  7:27  Hydralisk x6  
  102  7:29  Spore Crawler  
  112  7:33  Drone x5  
  117  7:41  Hydralisk x3  
  123  7:56  Drone  
  123  7:57  Drone x2  
  128  7:58  Roach  
  128  7:59  Roach x5  
  138  8:06  Lurker x2  
  138  8:07  Lurker x3  
  143  8:13  Hive  
  143  8:19  Drone x2  
  149  8:20  Drone x7  
  152  8:33  Overlord  
  152  8:34  Overlord x4  
  152  8:36  Overseer  
  152  8:41  Hatchery  
  151  9:03  Lurker x5  
  151  9:04  Lurker  
  151  9:05  Roach  
  151  9:06  Roach x6  
  169  9:14  Drone x3  
  169  9:15  Drone  
  166  9:20  Drone x3  
  169  9:27  Extractor, Drone  
  169  9:28  Extractor, Drone x2  
  169  9:29  Drone x4  
  169  9:30  Drone x2  
  176  9:32  Overlord x4  
  176  9:33  Overseer  
  176  9:36  Seismic Spines  
  163  9:57  Roach x3  
  163  9:58  Roach x6  
  181  10:04  Roach  
  181  10:05  Roach x4  
  181  10:06  Roach  
  178  10:14  Roach  
  178  10:15  Roach x3  
  169  10:34  Roach x9  
  183  10:39  Roach x2  
  187  10:44  Ravager  
  163  11:15  Roach  
  163  11:16  Roach x15  
  175  11:25  Hydralisk x4  
  172  11:37  Hydralisk x8  
  173  11:56  Hydralisk x12  
  188  12:05  Spire  
  185  12:20  Hydralisk x9  
  196  12:27  Hydralisk x2  
  196  12:28  Hydralisk x3  
  164  12:37  Hydralisk x4  
  144  12:56  Extractor x2  
  144  12:57  Drone x3  
  140  12:58  Drone x3  
  140  13:01  Roach x7  
  154  13:18  Overlord x2  
  154  13:19  Overlord x7  
  154  13:21  Corruptor x2  
  158  13:29  Hatchery  
  158  13:32  Corruptor x3  
  158  13:33  Corruptor  
  165  13:36  Corruptor x3  
  171  13:43  Corruptor x2  
  171  13:45  Overseer  
  175  13:54  Zergling x14  
  182  13:58  Adrenal Glands  
  182  14:04  Corruptor x2  
  184  14:14  Corruptor  
  184  14:15  Corruptor x2  
  166  14:22  Corruptor x2  
  126  14:38  Corruptor x4  
  126  14:43  Zerg Melee Weapons Level 1  
  134  14:47  Corruptor  
  134  14:48  Unknown  
  134  14:50  Unknown  
  134  14:56  Corruptor  
  134  14:57  Corruptor  
  127  15:04  Corruptor x2  
  127  15:05  Hatchery  
  128  15:10  Drone x3  
  128  15:12  Corruptor x2  
  135  15:19  Zergling x18  
  135  15:20  Zergling x12  
  138  15:30  Metabolic Boost  
  138  15:32  Corruptor x5  
  138  15:33  Corruptor  
  138  15:41  Corruptor  
  138  15:42  Corruptor x2  
  137  15:48  Corruptor x2  
  135  15:54  Zergling x26  
  130  16:04  Zergling x10  
  130  16:05  Zergling x6  
  131  16:12  Zergling x8  
  131  16:17  Greater Spire  
  133  16:22  Roach x7  
  137  16:33  Zergling x18  
  137  16:38  Corruptor x2  
  146  16:44  Roach  
  146  16:45  Roach x7  
  152  16:54  Roach  
  152  16:55  Roach x4  
  152  17:00  Roach x11  
  172  17:09  Zergling x6  
  172  17:10  Zergling x2  
  169  17:17  Roach x4  
  169  17:21  Corruptor x6  
  163  17:31  Corruptor  
  163  17:32  Corruptor x5  
  161  17:40  Roach x8  
  167  17:47  Corruptor x2  
  164  17:55  Extractor  
  164  17:56  Extractor  
  162  18:03  Corruptor x3  
Show
View Real Time Build Order
Export as new Build Order

Detour Protoss 

Build Orders: 1 Gate Expand, Oracle Opening, Archon Immortal, Carriers 

Get SALT Encoding   

  12  0:00  Probe  
  13  0:12  Probe  
  14  0:17  Pylon  
  14  0:24  Probe  
  15  0:37  Probe (Chrono Boost)  
  15  0:39  Gateway  
  16  0:48  Probe (Chrono Boost)  
  17  0:50  Assimilator  
  17  0:53  Probe (Chrono Boost)  
  18  1:02  Pylon  
  18  1:04  Probe  
  19  1:16  Probe  
  20  1:30  Nexus  
  20  1:42  Cybernetics Core  
  20  1:44  Probe  
  21  1:52  Assimilator  
  21  1:56  Probe  
  22  2:03  Pylon  
  22  2:08  Probe  
  23  2:20  Adept (Chrono Boost)  
  25  2:23  Stargate  
  25  2:27  Probe  
  26  2:33  Warp Gate  
  26  2:39  Probe  
  26  2:41  Adept  
  26  2:42  Probe  
  30  2:51  Probe  
  30  2:54  Probe  
  32  3:03  Probe  
  33  3:06  Probe  
  33  3:07  Oracle (Chrono Boost)  
  33  3:11  Adept  
  39  3:15  Probe  
  39  3:18  Probe  
  41  3:27  Probe  
  41  3:30  Probe  
  43  3:35  Oracle (Chrono Boost)  
  46  3:43  Pylon  
  46  3:53  Nexus  
  46  3:55  Pylon  
  46  3:58  Assimilator  
  46  4:00  Assimilator  
  46  4:01  Probe x2  
  48  4:06  Phoenix  
  50  4:13  Probe  
  51  4:26  Probe  
  51  4:28  Robotics Facility  
  51  4:29  Probe  
  53  4:37  Pylon  
  53  4:38  Probe  
  54  4:41  Probe  
  55  4:45  Twilight Council  
  55  4:46  Forge  
  55  4:49  Pylon  
  55  4:50  Probe  
  56  5:00  Probe  
  57  5:09  Gateway x2  
  57  5:10  Charge (Chrono Boost)  
  57  5:15  Probe x2, Gateway  
  57  5:16  Gateway  
  57  5:17  Probe  
  57  5:20  Immortal (Chrono Boost), Protoss Ground Weapons Level 1 (Chrono Boost)  
  65  5:28  Probe  
  65  5:30  Probe  
  65  5:34  Shield Battery  
  66  5:38  Probe  
  67  5:44  Templar Archives, Probe  
  67  5:45  Probe  
  69  5:51  Probe  
  69  5:54  Immortal (Chrono Boost)  
  74  5:59  Probe x2  
  74  6:02  Pylon  
  74  6:03  Probe  
  77  6:10  Pylon  
  78  6:11  Probe x2  
  79  6:28  Immortal (Chrono Boost)  
  79  6:29  Probe x3  
  79  6:32  Assimilator  
  83  6:34  Assimilator  
  83  6:36  High Templar x4  
  91  6:41  Probe x2, Gateway  
  91  6:44  Gateway x2  
  91  6:45  Archon x2  
  91  6:46  Probe  
  94  6:49  Pylon  
  94  6:53  Probe x2  
  96  6:58  Probe  
  97  7:02  Warp Prism (Chrono Boost)  
  97  7:05  Probe x2  
  101  7:10  High Templar x2  
  101  7:11  Sentry  
  101  7:15  Protoss Ground Weapons Level 2 (Chrono Boost)  
  107  7:18  Archon  
  107  7:20  Probe x3  
  110  7:24  Nexus  
  110  7:25  Zealot x2  
  110  7:28  Pylon  
  114  7:32  Probe x2, Observer  
  117  7:46  Probe x3  
  117  7:49  Pylon  
  117  7:50  Pylon  
  117  8:00  Zealot x4  
  117  8:02  Psionic Storm  
  125  8:06  Pylon  
  125  8:07  High Templar x2  
  125  8:08  High Templar x2  
  125  8:09  Pylon  
  125  8:11  Probe x3  
  136  8:15  Archon x2  
  136  8:18  Assimilator  
  136  8:23  Assimilator, Probe  
  136  8:24  Probe x2  
  136  8:26  Shield Battery  
  139  8:28  Pylon  
  139  8:39  Fleet Beacon, Zealot  
  139  8:40  Zealot x5  
  139  8:41  Zealot x2  
  153  8:44  Probe x2  
  157  9:11  Zealot  
  157  9:13  Zealot x2  
  157  9:14  Zealot x5  
  157  9:16  Probe x3  
  171  9:17  Probe  
  171  9:20  Stargate  
  171  9:22  Stargate  
  161  9:25  Stargate  
  161  9:33  Protoss Air Weapons Level 1 (Chrono Boost)  
  161  9:34  Probe x3  
  161  9:36  Protoss Shields Level 1  
  150  9:51  Immortal  
  145  9:53  Assimilator  
  145  9:55  Pylon  
  145  9:56  Assimilator, Pylon  
  145  9:58  High Templar x4  
  145  9:59  High Templar x2  
  151  10:00  Zealot x2  
  151  10:03  Nexus  
  131  10:24  Zealot x2  
  125  10:30  Observer (Chrono Boost)  
  125  10:32  Observer  
  121  10:39  Zealot x4  
  121  10:40  Carrier x2 (Chrono Boost), Zealot x2  
  133  10:43  Observer (Chrono Boost)  
  133  10:49  Carrier (Chrono Boost)  
  126  10:54  Probe x2  
  128  11:03  Immortal  
  120  11:16  Carrier (Chrono Boost)  
  94  11:23  Zealot x3  
  94  11:24  Zealot x5  
  114  11:39  Carrier x2  
  108  11:46  Carrier, Zealot x3  
  108  11:47  Zealot x5  
  114  12:07  Nexus  
  104  12:28  Nexus  
  97  12:31  Carrier  
  93  12:44  Protoss Air Weapons Level 2 (Chrono Boost)  
  90  13:04  Nexus  
  90  13:13  Probe x2  
  90  13:17  Observer  
  92  13:22  Protoss Shields Level 2 (Chrono Boost)  
  92  13:25  Probe  
  93  13:30  Probe  
  93  13:33  Probe  
  95  13:39  High Templar  
  95  13:40  High Templar  
  95  13:41  High Templar  
  101  13:42  High Templar  
  101  13:45  High Templar  
  105  13:49  High Templar  
  105  13:51  Probe x2  
  105  13:53  Probe  
  105  13:55  Probe  
  111  14:03  Probe x2  
  111  14:05  Probe  
  111  14:07  Probe  
  93  14:27  Warp Prism  
  93  14:29  High Templar x3  
  93  14:31  High Templar  
  103  14:32  Probe x3  
  103  14:33  Probe  
  103  14:34  Probe  
  108  14:44  Probe x3  
  108  14:45  Probe  
  112  14:46  Probe  
  113  14:56  Probe x3  
  113  14:57  Probe  
  113  14:58  Probe  
  118  15:03  Carrier  
  124  15:08  Probe x2  
  124  15:11  Probe  
  124  15:12  Probe x2  
  129  15:20  Protoss Air Weapons Level 3 (Chrono Boost)  
  111  15:36  Carrier  
  111  15:37  Carrier  
  117  15:46  Probe x4  
  117  15:47  Probe  
  116  15:58  Probe x3  
  116  16:04  High Templar x2  
  121  16:05  Zealot x4  
  121  16:07  Archon  
  121  16:09  Archon  
  131  16:15  Stalker x2  
  129  16:21  Probe x2  
  129  16:22  Probe x3  
  128  16:33  Assimilator  
  118  16:53  Carrier x2 (Chrono Boost), Pylon  
  128  16:55  Pylon  
  128  16:56  Pylon  
  128  16:58  Pylon  
  128  17:00  Pylon  
  120  17:02  Pylon  
  120  17:04  Pylon  
  120  17:06  Zealot x5  
  120  17:07  Zealot x3  
  134  17:09  Carrier x2 (Chrono Boost)  
  138  17:22  Nexus  
Tags
 
Add a new tag
Caveats
  • Supply blocks, unpowered buildings, or Contaminate may cause inaccurate times.
  • Supply counts are checked every 10 seconds.